[Event "Titled Tuesday Blitz December 27 Early 2022"]
[White "Kazancev, Valerij M"]
[Black "Aghasiyev, Kamal"]
[WhiteFideId "4179609"]
[BlackFideId "13402854"]
[WhiteElo "2313"]
[BlackElo "2441"]
[Result "0-1"]
[Round "05"]
[TimeControl "180+2"]
[Date "2022.12.27"]
[WhiteClock "0:00:07"]
[BlackClock "0:00:32"]

1. c4 e6 2. Nf3 d5 3. g3 Nf6 4. Bg2 dxc4 5. O-O Be7 6. Na3 Bxa3 7. bxa3 O-O 8. Qc2 Nc6 9. Qxc4 Qd5 10. Qc2 Qh5 11. Rb1 e5 12. d3 Rb8 13. h4 Bg4 14. Be3 Nd5 15. Bc5 Rfe8 16. Qc4 Nb6 17. Qc1 e4 18. dxe4 Rxe4 19. Be3 Rbe8 20. Ng5 Rc4 21. Bxc6 Rxc6 22. Qd2 h6 23. Nf3 Bxf3 24. exf3 Qxf3 25. Rfe1 Rce6 26. Bxb6 Rxe1+ 27. Rxe1 Rxe1+ 28. Qxe1 axb6 29. Qe8+ Kh7 30. Qd7 c5 31. a4 c4 32. Qc7 Qd5 33. Kh2 f6 34. Qxb6 c3 35. Qb1+ Kh8 36. h5 Qd2 37. Qg6 Qxf2+ 38. Kh3 Qe2 39. Qf5 Qe8 40. Qc5 Qe6+ 41. Kh4 Qe4+ 42. Kh3 c2 43. Qc8+ Kh7 44. Qc3 Qh1+ 45. Kg4 Qd1+ 0-1


[Site "https://www.chess.com"]

[Event "Titled Tuesday Blitz December 27 Early 2022"]
[White "Kilic, Eray"]
[Black "Tactrics"]
[WhiteFideId "44517173"]
[WhiteElo "2414"]
[BlackElo "2976"]
[Result "0-1"]
[Round "05"]
[TimeControl "180+2"]
[Date "2022.12.27"]
[WhiteClock "0:00:05"]
[BlackClock "0:01:05"]

1. e4 e6 2. d4 d5 3. Nc3 Nc6 4. Nf3 Nf6 5. Bd3 Bb4 6. e5 Ne4 7. Bd2 Nxd2 8. Qxd2 Bd7 9. O-O Ba5 10. Qf4 Bb6 11. Qg4 g6 12. a3 f6 13. Na4 fxe5 14. Nxb6 axb6 15. dxe5 Qe7 16. b4 Qg7 17. Rfe1 O-O 18. Bb5 Rf5 19. Bxc6 bxc6 20. Re3 c5 21. bxc5 bxc5 22. Rb3 Bc6 23. Re1 d4 24. Qg3 Bd5 25. Nh4 Rh5 26. Rbb1 Qe7 27. Nf3 Rxa3 28. Rb8+ Kg7 29. Kh1 Rf5 30. c4 Raxf3 31. gxf3 Bxf3+ 32. Kg1 Rg5 33. Rc8 Rxg3+ 34. hxg3 Kh6 35. Rb1 Qg5 36. Rxc7 Qh5 0-1


[Site "https://www.chess.com"]

[Event "Titled Tuesday Blitz December 27 Early 2022"]
[White "Kleiman, Jake"]
[Black "Gorodetzky, David"]
[WhiteFideId "2020041"]
[BlackFideId "2813416"]
[WhiteElo "2399"]
[BlackElo "2485"]
[Result "0-1"]
[Round "05"]
[TimeControl "180+2"]
[Date "2022.12.27"]
[WhiteClock "0:00:01"]
[BlackClock "0:00:25"]

1. e4 e6 2. d3 d5 3. Nd2 c5 4. Ngf3 Nc6 5. g3 Nf6 6. Bg2 Be7 7. O-O O-O 8. e5 Nd7 9. Re1 b5 10. Nf1 b4 11. h4 a5 12. Bf4 Re8 13. h5 h6 14. Qd2 Bf8 15. g4 f6 16. Ng3 fxe5 17. Nxe5 Ndxe5 18. Bxe5 Nxe5 19. Rxe5 Bd6 20. Rxd5 exd5 21. Bxd5+ Be6 22. Bxa8 Qxa8 23. Ne4 Be5 24. g5 Bf5 25. Re1 Bxb2 26. g6 Bxe4 27. Rxe4 Rxe4 28. dxe4 Bf6 29. Qd7 Bd4 30. Qf7+ Kh8 31. Kf1 Qc8 32. Ke2 c4 33. Kd1 a4 34. Ke2 b3 35. axb3 a3 36. Qd5 Bc3 37. bxc4 a2 0-1


[Site "https://www.chess.com"]

[Event "Titled Tuesday Blitz December 27 Early 2022"]
[White "Korchmar, Vasiliy"]
[Black "Lehtosaari, Mauri"]
[WhiteFideId "24131750"]
[BlackFideId "501999"]
[WhiteElo "2438"]
[BlackElo "2176"]
[Result "1-0"]
[Round "05"]
[TimeControl "180+2"]
[Date "2022.12.27"]
[WhiteClock "0:01:24"]
[BlackClock "0:00:21"]

1. e4 c5 2. Nf3 e6 3. d4 cxd4 4. Nxd4 Nc6 5. Nc3 Qc7 6. Be2 a6 7. f4 Bc5 8. Be3 Ba7 9. O-O Nge7 10. Kh1 O-O 11. e5 Nxd4 12. Bxd4 Bxd4 13. Qxd4 Nf5 14. Qf2 b5 15. Bd3 Bb7 16. Bxf5 exf5 17. Rad1 Kh8 18. Nd5 Qa5 19. a3 Rac8 20. Ne7 Be4 21. Nxc8 Rxc8 22. c3 Qc7 23. Rd6 h6 24. Rxa6 Qc4 25. Rd6 Bc6 26. Rfd1 Qe4 27. R6d4 1-0


[Site "https://www.chess.com"]

[Event "Titled Tuesday Blitz December 27 Early 2022"]
[White "Koutlas, Nikolaos"]
[Black "Lorenzo De La Riva, Lazaro"]
[WhiteFideId "25827138"]
[BlackFideId "2268809"]
[WhiteElo "2341"]
[BlackElo "2404"]
[Result "1-0"]
[Round "05"]
[TimeControl "180+2"]
[Date "2022.12.27"]
[WhiteClock "0:01:39"]
[BlackClock "0:00:58"]

1. a3 g6 2. e4 Bg7 3. Nf3 c5 4. Nc3 Nc6 5. Bc4 e6 6. O-O a6 7. Re1 d6 8. b4 b5 9. Bd5 exd5 10. exd5+ Ne5 11. bxc5 dxc5 12. Nxe5 Kf8 13. d4 c4 14. Qf3 Bb7 15. Qxf7# 1-0


[Site "https://www.chess.com"]

[Event "Titled Tuesday Blitz December 27 Early 2022"]
[White "Lavrov, Maxim"]
[Black "Osinovsky, Stepan"]
[WhiteFideId "4166418"]
[BlackFideId "4157354"]
[WhiteElo "2376"]
[BlackElo "2241"]
[Result "0-1"]
[Round "05"]
[TimeControl "180+2"]
[Date "2022.12.27"]
[WhiteClock "0:00:16"]
[BlackClock "0:00:04"]

1. Nf3 Nf6 2. g3 g6 3. Bg2 Bg7 4. O-O O-O 5. d3 d6 6. Nbd2 e5 7. e4 Nbd7 8. Re1 Nh5 9. Nc4 Qe8 10. c3 f5 11. exf5 gxf5 12. Ng5 Ndf6 13. d4 e4 14. Nh3 d5 15. Ne5 Ng4 16. Nxg4 fxg4 17. Nf4 c6 18. c4 Be6 19. cxd5 cxd5 20. Be3 Rd8 21. Qb3 Rd7 22. Nxh5 Qxh5 23. Bxe4 Rf6 24. Bg2 Bh6 25. Rac1 Rdf7 26. Bxh6 Rxh6 27. Rxe6 Qxh2+ 28. Kf1 Rxe6 29. Qxd5 Ref6 30. Qg5+ Rg6 31. Rc8+ Kg7 0-1


[Site "https://www.chess.com"]

[Event "Titled Tuesday Blitz December 27 Early 2022"]
[White "Legenia, Artem"]
[Black "Vlassov, Nikolai"]
[WhiteFideId "14136945"]
[BlackFideId "4103360"]
[WhiteElo "2092"]
[BlackElo "2283"]
[Result "0-1"]
[Round "05"]
[TimeControl "180+2"]
[Date "2022.12.27"]
[WhiteClock "0:00:14"]
[BlackClock "0:00:10"]

1. d4 Nf6 2. Nf3 e6 3. g3 b5 4. Bg2 Bb7 5. O-O c5 6. a4 b4 7. b3 Na6 8. Bb2 Be7 9. Nbd2 O-O 10. Re1 cxd4 11. Nxd4 Bxg2 12. Kxg2 d5 13. Nc6 Qc7 14. Nxe7+ Qxe7 15. c3 bxc3 16. Bxc3 Rfc8 17. Bxf6 Qxf6 18. e4 d4 19. Nc4 e5 20. Qf3 Qxf3+ 21. Kxf3 f6 22. Kg4 Rab8 23. Rab1 Nc5 24. f4 exf4 25. gxf4 Rxb3 26. Rxb3 Nxb3 27. Rb1 Rxc4 28. Rxb3 Rxa4 29. Rb7 g6 30. e5 fxe5 31. fxe5 h6 32. Kf3 Ra2 33. Ke4 Rxh2 34. Rxa7 Rd2 35. e6 Re2+ 36. Kd5 d3 37. Ra3 d2 38. Rd3 Kg7 39. Kd6 Kf6 40. Rf3+ Kg5 41. Rd3 h5 42. e7 h4 43. Kd7 Kg4 44. e8=Q Rxe8 45. Kxe8 h3 46. Rxd2 Kg3 47. Rd6 g5 48. Kf7 h2 49. Rd5 g4 50. Rd1 Kg2 0-1


[Site "https://www.chess.com"]

[Event "Titled Tuesday Blitz December 27 Early 2022"]
[White "Levitan, Caleb Levi"]
[Black "Flis, Pawel"]
[WhiteFideId "14332620"]
[BlackFideId "1112864"]
[WhiteElo "2129"]
[BlackElo "1879"]
[Result "0-1"]
[Round "05"]
[TimeControl "180+2"]
[Date "2022.12.27"]
[WhiteClock "0:00:04"]
[BlackClock "0:00:18"]

1. e4 c5 2. Nf3 d6 3. d4 Nf6 4. Nc3 cxd4 5. Nxd4 a6 6. Bc4 e6 7. Bb3 b5 8. Qf3 Qb6 9. Be3 Qb7 10. O-O-O Be7 11. Rhe1 b4 12. Na4 Nbd7 13. Qg3 O-O 14. f3 Ne5 15. Qf2 Bd7 16. g4 Nc4 17. Bxc4 Bxa4 18. g5 Nd7 19. Bb3 Bxb3 20. Nxb3 a5 21. h4 a4 22. Nd4 Ne5 23. Kb1 Rfc8 24. Bc1 b3 25. cxb3 axb3 26. Nxb3 Rxa2 27. Kxa2 Ra8+ 28. Kb1 Qxb3 29. Re3 Qa2+ 30. Kc2 Rc8+ 31. Rc3 Qa4+ 32. b3 Qa2+ 33. Bb2 Rxc3+ 34. Kxc3 Qa5+ 35. Kc2 Nc6 36. Qd2 Nb4+ 37. Kc1 d5 38. Qc3 Na2+ 39. Kb1 Nxc3+ 40. Bxc3 Qxc3 41. exd5 Qxb3+ 42. Kc1 exd5 43. Kd2 Bb4+ 44. Ke2 Qb2+ 45. Ke3 Qc3+ 46. Ke2 d4 47. Rb1 g6 48. Rd1 Kg7 49. Rd3 Qc2+ 50. Kf1 Qxd3+ 51. Kg2 Qe3 52. h5 Be1 53. h6+ Kf8 54. f4 Qf2+ 55. Kh1 Qf3+ 56. Kh2 Bg3+ 57. Kh3 Bxf4+ 58. Kh4 Qg3# 0-1


[Site "https://www.chess.com"]

[Event "Titled Tuesday Blitz December 27 Early 2022"]
[White "Lewtak, Damian"]
[Black "Balakrishnan, Praveen"]
[WhiteFideId "1141724"]
[BlackFideId "2064871"]
[WhiteElo "2381"]
[BlackElo "2529"]
[Result "0-1"]
[Round "05"]
[TimeControl "180+2"]
[Date "2022.12.27"]
[WhiteClock "0:00:06"]
[BlackClock "0:00:09"]

1. g3 d5 2. Bg2 Nf6 3. Nf3 c5 4. O-O Nc6 5. d4 e6 6. c4 dxc4 7. dxc5 Qxd1 8. Rxd1 Bxc5 9. Nbd2 c3 10. bxc3 O-O 11. Nb3 Be7 12. c4 Bd7 13. Nfd4 Rac8 14. Nb5 Ne5 15. Nxa7 Rxc4 16. Bb2 Nc6 17. Nxc6 Bxc6 18. Rdc1 Rxc1+ 19. Rxc1 Bxg2 20. Bxf6 Bxf6 21. Kxg2 Ra8 22. Rc2 g6 23. Kf3 b5 24. e4 b4 25. Ke3 Bc3 26. Nc1 Ra3 27. Ke2 Kf8 28. Nd3 Ke7 29. h4 Kd6 30. f3 f6 31. Nf4 Ke5 32. Nd3+ Kd4 33. Nc1 Kc4 34. Nd3 Ra6 35. Nf2 Kb5 36. Nd1 Bd4 37. Ne3 Ra3 38. Ng4 h5 39. Rd2 hxg4 40. Rxd4 Rxa2+ 41. Kf1 gxf3 42. Rd3 Kc4 0-1


[Site "https://www.chess.com"]

[Event "Titled Tuesday Blitz December 27 Early 2022"]
[White "Liyanage, Ranindu Dilshan"]
[Black "Chigaev, Maksim"]
[WhiteFideId "9915834"]
[BlackFideId "4108116"]
[WhiteElo "2342"]
[BlackElo "2628"]
[Result "0-1"]
[Round "05"]
[TimeControl "180+2"]
[Date "2022.12.27"]
[WhiteClock "0:00:24"]
[BlackClock "0:00:16"]

1. e4 c5 2. Nc3 d6 3. f4 Nc6 4. Nf3 Nf6 5. Bb5 Bd7 6. Bc4 e6 7. d3 a6 8. a4 Be7 9. O-O O-O 10. h3 Ne8 11. g4 Nc7 12. f5 Nb4 13. Bf4 d5 14. Ba2 Nxa2 15. Rxa2 Bc6 16. Qe2 b5 17. Raa1 b4 18. Nd1 c4 19. Nf2 b3 20. cxb3 cxd3 21. Qxd3 dxe4 22. Qxd8 Rfxd8 23. Bxc7 exf3 24. Bxd8 Rxd8 25. Rfd1 Rb8 26. Rac1 Bd5 27. Rd3 h6 28. Rc7 Bf6 29. fxe6 fxe6 30. Nd1 Be5 31. Nf2 Bxc7 0-1


[Site "https://www.chess.com"]

[Event "Titled Tuesday Blitz December 27 Early 2022"]
[White "Ljukin, Sergei"]
[Black "Turzo, Attila"]
[WhiteFideId "14102200"]
[BlackFideId "704954"]
[WhiteElo "2362"]
[BlackElo "2279"]
[Result "0-1"]
[Round "05"]
[TimeControl "180+2"]
[Date "2022.12.27"]
[WhiteClock "0:00:05"]
[BlackClock "0:00:14"]

1. e4 c5 2. Nf3 d6 3. d4 cxd4 4. Nxd4 Nf6 5. Nc3 a6 6. Bg5 e6 7. f4 Be7 8. Qf3 Nbd7 9. O-O-O Qc7 10. g4 b6 11. Bxf6 Nxf6 12. g5 Nd7 13. f5 Bxg5+ 14. Kb1 Ne5 15. Qh5 Bf6 16. fxe6 Bb7 17. Nd5 Bxd5 18. exd5 O-O 19. Be2 g6 20. Qh3 Bg7 21. Qg3 f5 22. h4 Qe7 23. h5 f4 24. Qg2 f3 25. Bxf3 Qf6 26. Be4 Qf2 27. Qxf2 Rxf2 28. hxg6 hxg6 29. Bxg6 Nxg6 30. c3 Bxd4 31. Rxd4 Raf8 32. Rg4 Rf1+ 33. Rxf1 Rxf1+ 34. Kc2 Kg7 35. b4 Re1 36. c4 Re2+ 37. Kb3 Kf6 38. Rg1 Re3+ 39. Ka4 Rc3 40. Rg4 Ne5 41. Re4 Rxc4 42. Rxc4 Nxc4 43. b5 a5 0-1


[Site "https://www.chess.com"]

[Event "Titled Tuesday Blitz December 27 Early 2022"]
[White "Magallanes, Rey Jomar"]
[Black "Jiganchine, Roman"]
[WhiteFideId "5205948"]
[BlackFideId "2603667"]
[WhiteElo "2052"]
[BlackElo "2205"]
[Result "0-1"]
[Round "05"]
[TimeControl "180+2"]
[Date "2022.12.27"]
[WhiteClock "0:00:36"]
[BlackClock "0:00:08"]

1. e4 c6 2. d4 d5 3. e5 Bf5 4. h4 h5 5. Bd3 Bxd3 6. Qxd3 Qa5+ 7. Nd2 e6 8. c4 Ne7 9. Nf3 Nf5 10. O-O Qa6 11. b3 Be7 12. a4 O-O 13. a5 Nd7 14. Bb2 Rac8 15. g3 Bb4 16. Bc3 Bxc3 17. Qxc3 c5 18. Kh2 dxc4 19. bxc4 cxd4 20. Nxd4 Nxe5 21. Nxf5 Ng4+ 22. Kg1 exf5 23. f3 Nf6 24. Qe5 Rfd8 25. Rad1 Qe6 26. Qf4 Rd3 27. Rfe1 Qc6 28. Qxf5 Rcd8 29. Qf4 Qc5+ 30. Kg2 Qxa5 31. Re2 Qa4 32. Rde1 Qd7 33. Ne4 Nxe4 34. fxe4 Qe6 35. e5 b6 36. Re3 R3d4 37. Re4 Qxc4 38. e6 fxe6 39. Qg5 Qd5 40. Qxd5 R4xd5 41. Rxe6 R8d6 42. Re7 Rd7 43. Re8+ Kh7 44. Ra8 Rd2+ 45. Kg1 Rd1 46. Rxd1 Rxd1+ 47. Kf2 Rd7 48. Rc8 Rb7 49. Kf3 a5 50. Rc4 b5 51. Rc1 b4 52. Ra1 b3 53. Rb1 b2 54. Ra1 a4 55. Rb1 a3 56. g4 a2 57. Rxb2 Rxb2 58. gxh5 Rb3+ 59. Kf4 Rb4+ 60. Kf5 Rb5+ 61. Ke6 Rb6+ 62. Kf7 Rh6 63. Ke7 a1=Q 64. Kf8 Qb2 65. Kf7 Qb3+ 66. Kf8 Qb4+ 67. Kf7 Qa4 68. Kf8 Qa5 69. Kf7 Qa7+ 70. Kf8 Rf6+ 71. Ke8 Qf7+ 72. Kd8 Rd6+ 73. Kc8 Qd7+ 74. Kb8 Rb6+ 75. Ka8 Qb7# 0-1


[Site "https://www.chess.com"]

[Event "Titled Tuesday Blitz December 27 Early 2022"]
[White "Mahdavi, Reza"]
[Black "Nguyen Hong Nhung"]
[WhiteFideId "12595926"]
[BlackFideId "12412201"]
[WhiteElo "2339"]
[BlackElo "2003"]
[Result "1-0"]
[Round "05"]
[TimeControl "180+2"]
[Date "2022.12.27"]
[WhiteClock "0:00:11"]
[BlackClock "0:00:06"]

1. d4 f5 2. Nf3 Nf6 3. g3 g6 4. Bg2 Bg7 5. c4 O-O 6. Nc3 d6 7. O-O Qe8 8. b3 e5 9. dxe5 dxe5 10. e4 fxe4 11. Ng5 Bg4 12. Qc2 Nc6 13. Ngxe4 Nd4 14. Qd3 Rd8 15. Qb1 Bf5 16. Be3 Nxe4 17. Nxe4 c6 18. Kh1 Kh8 19. Qb2 Qd7 20. Rad1 Bh3 21. f3 Bxg2+ 22. Kxg2 Qf5 23. Bxd4 exd4 24. Qe2 Rfe8 25. Qd3 Qa5 26. Rd2 Bh6 27. Re2 c5 28. f4 Bg7 29. Rfe1 Re7 30. Ng5 Rxe2+ 31. Qxe2 Rf8 32. Qe6 Qc7 33. Qd5 Qc6 34. Qxc6 bxc6 35. Kf3 Kg8 36. Ne6 Re8 37. Re4 Bf8 38. Nxc5 Rxe4 39. Nxe4 Kf7 40. Nf2 Ke6 41. Ke4 c5 42. Nd3 Kd6 43. g4 Bg7 44. f5 gxf5+ 45. Kxf5 Bf6 46. Kxf6 1-0


[Site "https://www.chess.com"]

[Event "Titled Tuesday Blitz December 27 Early 2022"]
[White "Makhmudov, Shukhrat"]
[Black "Garcia Almaguer, Juan Manuel"]
[WhiteFideId "14200775"]
[BlackFideId "5110491"]
[WhiteElo "2115"]
[BlackElo "2090"]
[Result "1-0"]
[Round "05"]
[TimeControl "180+2"]
[Date "2022.12.27"]
[WhiteClock "0:00:25"]
[BlackClock "0:00:05"]

1. e4 e5 2. Nf3 Nc6 3. Bc4 Nf6 4. O-O h6 5. d3 d6 6. h3 g5 7. Nh2 Nd4 8. c3 Ne6 9. Qb3 Qe7 10. Be3 Nh5 11. Bxe6 fxe6 12. d4 Bg7 13. Ng4 Nf4 14. dxe5 h5 15. Nf6+ Bxf6 16. exf6 Qxf6 17. Bxf4 Qxf4 18. e5 g4 19. exd6 gxh3 20. d7+ Bxd7 21. Qxb7 Rg8 22. g3 h2+ 23. Kxh2 Qg4 24. Qxa8+ Kf7 25. Qg2 h4 26. Qh3 Qg7 27. Nd2 Ke8 28. Ne4 e5 29. g4 Qg6 30. f3 Bc6 31. Rae1 Qf7 32. Qxh4 Qf4+ 33. Qg3 Rh8+ 34. Kg2 1-0


[Site "https://www.chess.com"]

[Event "Titled Tuesday Blitz December 27 Early 2022"]
[White "Manon-og, Ramon Jr."]
[Black "Roque Sola, Gisela"]
[WhiteFideId "5200776"]
[BlackFideId "5120241"]
[WhiteElo "1999"]
[BlackElo "2061"]
[Result "0-1"]
[Round "05"]
[TimeControl "180+2"]
[Date "2022.12.27"]
[WhiteClock "0:00:41"]
[BlackClock "0:01:07"]

1. e4 c5 2. Nf3 Nc6 3. d4 cxd4 4. Nxd4 Nf6 5. Nc3 e5 6. Nf3 d6 7. Bc4 Bg4 8. O-O Be7 9. h3 Bxf3 10. Qxf3 Nd4 11. Qd3 O-O 12. Be3 Ne6 13. Kh1 Nh5 14. g4 Nhf4 15. Bxf4 Nxf4 16. Qf3 Rc8 17. Be2 Qb6 18. Rab1 Rfd8 19. Rfd1 Bh4 20. Kg1 a6 21. Nd5 Nxd5 22. exd5 Rxc2 23. Bd3 Rxf2 24. Qh1 Rxb2+ 25. Kf1 Qf2# 0-1


[Site "https://www.chess.com"]

[Event "Titled Tuesday Blitz December 27 Early 2022"]
[White "Marjanovic, Annamaria"]
[Black "Mitrovic, Darko R"]
[WhiteFideId "750930"]
[BlackFideId "927023"]
[WhiteElo "2273"]
[BlackElo "2220"]
[Result "1-0"]
[Round "05"]
[TimeControl "180+2"]
[Date "2022.12.27"]
[WhiteClock "0:02:28"]
[BlackClock "0:01:07"]

1. c4 e5 2. g3 Nc6 3. Bg2 g6 4. Nc3 Bg7 5. d3 f5 6. Nf3 Nf6 7. O-O O-O 8. Rb1 d6 9. b4 h6 10. b5 Ne7 11. Qb3 Be6 12. Bb2 c6 13. bxc6 bxc6 14. Qa4 Qd7 15. Ba3 Rab8 1-0


[Site "https://www.chess.com"]

[Event "Titled Tuesday Blitz December 27 Early 2022"]
[White "Martynov, Pavel"]
[Black "Rodriguez Fontecha, Marcos"]
[WhiteFideId "4101260"]
[BlackFideId "2256576"]
[WhiteElo "2414"]
[BlackElo "2309"]
[Result "1-0"]
[Round "05"]
[TimeControl "180+2"]
[Date "2022.12.27"]
[WhiteClock "0:00:46"]
[BlackClock "0:01:30"]

1. e4 e6 2. d4 d5 3. Nc3 h6 4. Bd3 Nc6 5. Nge2 Nb4 6. Bb5+ Bd7 7. Bxd7+ Qxd7 8. O-O O-O-O 9. a3 Nc6 10. exd5 exd5 11. Nf4 Nge7 12. Be3 g5 13. Nd3 Nf5 14. b4 Bg7 15. Nc5 Qe7 16. Qg4 Qf6 17. b5 Ne7 18. Rfd1 Kb8 19. a4 Nxe3 20. fxe3 Qf5 21. Qe2 Ng6 22. Rf1 Qc8 23. Rxf7 Rhg8 24. a5 Rdf8 25. Raf1 Qe8 26. Nd7+ Ka8 27. Nxf8 Bxf8 28. Nxd5 Nf4 29. R1xf4 1-0


[Site "https://www.chess.com"]

[Event "Titled Tuesday Blitz December 27 Early 2022"]
[White "Mathieu, Phileas"]
[Black "Costachi, Mihnea"]
[WhiteFideId "36048410"]
[BlackFideId "1217518"]
[WhiteElo "2374"]
[BlackElo "2476"]
[Result "1-0"]
[Round "05"]
[TimeControl "180+2"]
[Date "2022.12.27"]
[WhiteClock "0:01:02"]
[BlackClock "0:00:21"]

1. c4 Nf6 2. Nc3 g6 3. g3 Bg7 4. Bg2 O-O 5. e3 d6 6. Nge2 e5 7. b3 Nc6 8. Bb2 Re8 9. O-O e4 10. d3 exd3 11. Qxd3 Bf5 12. Qd2 Qd7 13. Nf4 Rab8 14. Nfd5 Bh3 15. Nxf6+ Bxf6 16. Nd5 Bd8 17. Qc3 Ne5 18. Bxh3 Qxh3 19. f4 c6 20. fxe5 dxe5 21. Nf6+ Bxf6 22. Rxf6 h5 23. Raf1 h4 24. e4 Re7 25. Qf3 hxg3 26. Qxg3 Qh5 27. R6f5 Qe2 28. Rxe5 Rbe8 29. Rxe7 Rxe7 30. Qb8+ Re8 31. Qxe8+ Kh7 32. Qh8# 1-0


[Site "https://www.chess.com"]

[Event "Titled Tuesday Blitz December 27 Early 2022"]
[White "Matinian, Nikita"]
[Black "Bachmann, Axel"]
[WhiteFideId "24129100"]
[BlackFideId "3700488"]
[WhiteElo "2407"]
[BlackElo "2604"]
[Result "0-1"]
[Round "05"]
[TimeControl "180+2"]
[Date "2022.12.27"]
[WhiteClock "0:00:05"]
[BlackClock "0:00:06"]

1. e4 g6 2. d4 Bg7 3. Nc3 c6 4. Be3 d6 5. a4 Nf6 6. h3 O-O 7. g4 e5 8. dxe5 dxe5 9. Qxd8 Rxd8 10. Bc4 Nbd7 11. Nf3 h6 12. g5 hxg5 13. Nxg5 Rf8 14. O-O-O Nh7 15. h4 Nxg5 16. Bxg5 Nf6 17. Rd6 Ne8 18. Rd8 Nf6 19. Rhd1 Bg4 20. Rxa8 Rxa8 21. Rd6 Ne8 22. Rd3 Nc7 23. a5 Ne6 24. Be3 b5 25. Ba2 Nd4 26. Bxd4 exd4 27. Nd1 Be2 28. Rg3 Bh6+ 29. Kb1 Bxd1 30. Rxg6+ Bg7 31. Rxc6 a6 32. Rc7 Bh5 33. Bd5 Re8 34. Ra7 Bg6 35. f3 Bh5 36. b3 Kh8 37. Rxa6 Bxf3 38. Ra8 Rxa8 39. Bxa8 Be2 40. a6 d3 41. cxd3 Bxd3+ 42. Ka2 Bd4 43. Bb7 b4 44. h5 Kg7 45. e5 Kh6 46. Bd5 Bxa6 47. Bxf7 Bxe5 48. Kb1 Bd3+ 49. Kc1 Bc3 50. Be8 Kg5 51. Bf7 Be2 52. Be8 Bxh5 53. Bxh5 Kxh5 54. Kc2 Kg5 55. Kd3 Kf4 56. Kc2 Ke4 0-1


[Site "https://www.chess.com"]

[Event "Titled Tuesday Blitz December 27 Early 2022"]
[White "Melikhov, Evgeny V."]
[Black "Prieto Aranguren, Alain"]
[WhiteFideId "4122046"]
[BlackFideId "2268906"]
[WhiteElo "2269"]
[BlackElo "2258"]
[Result "0-1"]
[Round "05"]
[TimeControl "180+2"]
[Date "2022.12.27"]
[WhiteClock "0:00:08"]
[BlackClock "0:00:04"]

1. d4 e6 2. c4 Nf6 3. Nc3 d5 4. cxd5 exd5 5. Bg5 Be7 6. e3 O-O 7. Bd3 c6 8. Qc2 h6 9. Bh4 Re8 10. Nf3 Ne4 11. Bxe4 Bxh4 12. Bh7+ Kf8 13. O-O Bf6 14. Bd3 Bg4 15. Nd2 Nd7 16. b4 b5 17. a4 a6 18. a5 Kg8 19. Nb3 Re6 20. h3 Bh5 21. g4 Bg6 22. Bxg6 fxg6 23. Qxg6 Qe7 24. Qf5 Rf8 25. Qd3 Bg5 26. Nc5 Nxc5 27. bxc5 Rf3 28. Kg2 Qf7 29. Rae1 Ref6 30. Nd1 h5 31. Qe2 hxg4 32. hxg4 Qg6 33. e4 Bh4 34. Qxf3 Rxf3 35. Kxf3 dxe4+ 36. Rxe4 Qf6+ 37. Ke2 Qg6 38. f3 Qf7 39. Rh1 Qa2+ 40. Kf1 Bf6 41. Nf2 Qd2 42. Kg2 Bxd4 43. Rf1 Bxc5 44. Kg3 b4 45. Rc4 Bd6+ 46. f4 b3 47. Ne4 Qd3+ 48. Rf3 Qxc4 49. Nxd6 Qe2 50. Rxb3 Qd1 51. Ne4 Qxb3+ 52. Kf2 Qa4 53. Nd6 Qxf4+ 0-1


[Site "https://www.chess.com"]

[Event "Titled Tuesday Blitz December 27 Early 2022"]
[White "Mikhailovsky, Vladimir"]
[Black "Mortazavi, Ali"]
[WhiteFideId "34105414"]
[BlackFideId "401323"]
[WhiteElo "2215"]
[BlackElo "2333"]
[Result "1-0"]
[Round "05"]
[TimeControl "180+2"]
[Date "2022.12.27"]
[WhiteClock "0:00:45"]
[BlackClock "0:00:02"]

1. d4 Nf6 2. c4 g6 3. Nc3 Bg7 4. e4 O-O 5. Nf3 d6 6. Be2 Bg4 7. Ng1 Bc8 8. Nf3 Bg4 9. O-O Nbd7 10. Ne1 Bxe2 11. Qxe2 Nh5 12. Be3 e5 13. d5 a5 14. a3 Nc5 15. Nd3 Nb3 16. Rab1 Nd4 17. Qd2 c5 18. Bxd4 cxd4 19. Nb5 f5 20. f3 Qh4 21. Nxd6 Rf6 22. c5 b6 23. b4 axb4 24. axb4 Ra3 25. Nc4 Rc3 26. Ncxe5 fxe4 27. fxe4 Qxe4 28. Rxf6 Bxf6 29. Re1 Qxd5 30. cxb6 Qb7 31. Qa2+ Kg7 32. Qa7 Qxa7 33. bxa7 Ra3 34. Nc6 Bd8 35. Na5 1-0


[Site "https://www.chess.com"]

[Event "Titled Tuesday Blitz December 27 Early 2022"]
[White "Mills, Morgen"]
[Black "Zhurbinsky, David"]
[WhiteFideId "2013304"]
[BlackFideId "2072904"]
[WhiteElo "2009"]
[BlackElo "2045"]
[Result "1-0"]
[Round "05"]
[TimeControl "180+2"]
[Date "2022.12.27"]
[WhiteClock "0:00:18"]
[BlackClock "0:00:24"]

1. e4 e5 2. Nf3 Nc6 3. Bb5 a6 4. Bxc6 dxc6 5. O-O Bg4 6. h3 h5 7. d3 Qf6 8. Nbd2 Bc5 9. Nc4 Bxf3 10. Qxf3 Qxf3 11. gxf3 f6 12. f4 exf4 13. Bxf4 O-O-O 14. Be3 Bd4 15. Bxd4 Rxd4 16. Ne3 Ne7 17. f3 g5 18. Kf2 Ng6 19. Nf5 Rd7 20. h4 g4 21. Rg1 Ne5 22. fxg4 Nxg4+ 23. Kf3 c5 24. Ne3 Ne5+ 25. Ke2 c6 26. Raf1 Rf7 27. b3 Kc7 28. Rf5 Kd7 29. Nc4 Nxc4 30. bxc4 b6 31. Rb1 b5 32. cxb5 axb5 33. Rxc5 Rg7 34. Rf1 Ra8 35. Rxf6 Rxa2 36. Rfxc6 Rg4 37. Rh6 Rxh4 38. Rhxh5 Rxc2+ 39. Rxc2 Rxh5 40. Ke3 Kd6 41. Kd4 Rh8 42. Rc5 Rb8 43. e5+ Ke6 44. Rc6+ Kd7 45. Rd6+ Ke7 46. Kc3 Rh8 47. Kb4 Rb8 48. d4 Kf7 49. d5 Ke7 50. Rh6 Kf7 51. d6 Kg7 52. Re6 Kf7 53. Re7+ Kf8 54. e6 Rd8 55. Rf7+ Kg8 56. e7 Re8 57. Rf5 Ra8 58. Kxb5 Rb8+ 59. Kc6 Kg7 60. d7 Rb1 61. e8=Q Rc1+ 62. Rc5 Rd1 63. d8=Q Rf1 64. Qde7+ Kh6 65. Qh8+ Kg6 66. Qhg7# 1-0


[Site "https://www.chess.com"]

[Event "Titled Tuesday Blitz December 27 Early 2022"]
[White "Minko, Dmitry"]
[Black "Hartikainen, Jarmo"]
[WhiteFideId "24188468"]
[BlackFideId "503134"]
[WhiteElo "2247"]
[BlackElo "2108"]
[Result "1-0"]
[Round "05"]
[TimeControl "180+2"]
[Date "2022.12.27"]
[WhiteClock "0:00:05"]
[BlackClock "0:00:05"]

1. e4 c5 2. Nf3 e6 3. d4 cxd4 4. Nxd4 Nf6 5. Nc3 d6 6. Be3 Be7 7. f3 O-O 8. Qd2 a6 9. O-O-O Nbd7 10. Kb1 Qc7 11. g4 Ne5 12. h4 b5 13. a3 Nc4 14. Bxc4 bxc4 15. h5 Rb8 16. g5 Nd7 17. g6 Qb7 18. b3 cxb3 19. Nxb3 Nc5 20. Bxc5 dxc5 21. h6 fxg6 22. hxg7 Rf7 23. Rxh7 Rxg7 24. Rxg7+ Kxg7 25. Rh1 Bf6 26. Qh6+ Kf7 27. Qh7+ Bg7 28. Rg1 c4 29. Qxg6+ Kf8 30. Rg4 Qf7 31. Qg5 Qf6 32. Rf4 cxb3 33. Rxf6+ Bxf6 34. Qxf6+ Ke8 35. cxb3 Rxb3+ 36. Kc2 Rb7 37. Qh8+ Kd7 38. e5 Rc7 39. Kd3 Kc6 40. Ne4 Bd7 41. Qf8 Kb7 42. Nd6+ Kc6 43. Qb8 1-0


[Site "https://www.chess.com"]